 Dungeon Crawl Stone Soup version 0.27.1-35-g4d5d836560 (webtiles) character file.

Game seed: 10272066032302777443

13129 tkbsonic5 the Slinger (level 12, -3/92 HPs)
             Began as a Formicid Hunter on Jan 2, 2023.
             Was an Initiate of Gozag.
             Killed from afar by a frost giant (51 damage)
             ... with a bolt of cold
             ... on level 9 of the Dungeon.
             The game lasted 01:15:18 (10102 turns).

tkbsonic5 the Slinger (Formicid Hunter)            Turns: 10102, Time: 01:15:18

Health: -3/92      AC: 11    Str: 23    XL:     12   Next: 28%
Magic:  25/30      EV: 12    Int: 10    God:    Gozag
Gold:   757        SH:  0    Dex: 11    Spells: 8/24 levels left

rFire    . . .     SeeInvis +   a - +5 hunting sling (flame)
rCold    . . .     Faith    .   (no shield)
rNeg     . . .     Spirit   .   y - +3 leather armour {rPois}
rPois    +         Reflect  .   (helmet unavailable)
rElec    .         Harm     .   (no cloak)
rCorr    .         Rampage  .   h - +0 pair of gloves
Will     +....                  k - +2 pair of boots
Stlth    +++.......             (no amulet)
HPRegen  0.25/turn              B - ring of magical power
MPRegen  0.22/turn              C - ring of wizardry

@: very slightly contaminated
A: permanent stasis, dig shafts and tunnels, antennae 3, four strong arms
a: Dig, Shaft Self, Renounce Religion, Potion Petition, Call Merchant, Bribe
Branch


You were on level 9 of the Dungeon.
You worshipped Gozag.
Gozag was pleased with you.
You visited 2 branches of the dungeon, and saw 11 of its levels.
You also visited: Sewer.

You collected 1732 gold pieces.
You spent 54 gold pieces at shops.
You paid 921 gold pieces to Gozag.

Inventory:

Hand Weapons
 a - a +5 hunting sling of flaming (weapon)
 e - a +2 whip of electrocution
 l - a +6 broad axe of flaming
 p - a +0 shortbow
 t - a +2 trident of holy wrath
Missiles
 d - 7 sling bullets (quivered ammo)
 f - 8 poisoned darts
 g - 20 stones
 i - a curare-tipped dart
 n - a throwing net
 s - 108 arrows
 z - 20 bolts
Armour
 h - a +0 pair of gloves (worn)
 j - a +0 ring mail
 k - a +2 pair of boots (worn)
 m - +0 steam dragon scales
 y - a +3 leather armour of poison resistance (worn)
 E - a +0 kite shield
Magical Staves
 A - a staff of cold
Jewellery
 b - a ring of poison resistance
 c - a ring of flight
 o - an amulet of magic regeneration
 B - a ring of magical power (left hand)
 C - a ring of wizardry (right hand)
Wands
 D - a wand of flame (26)
Scrolls
 x - a scroll of brand weapon
 F - a scroll of silence
Potions
 q - a potion of magic
 r - a potion of curing
 u - 2 potions of lignification
 w - a potion of brilliance


   Skills:
 * Level 7.7 Fighting
 - Level 0.9 Short Blades
 + Level 1.6(3.7) Axes
 - Level 5.3(5.5) Polearms
 * Level 10.3 Slings
 + Level 0.1 Bows
 + Level 4.5 Armour
 - Level 2.1 Dodging
 + Level 6.5 Stealth
 - Level 1.0 Unarmed Combat
 + Level 6.5 Spellcasting
 * Level 4.6 Conjurations
 * Level 3.9 Hexes
 * Level 5.9 Transmutations
 * Level 6.4 Fire Magic
 + Level 2.5 Ice Magic
 + Level 3.5 Poison Magic
 - Level 1.9 Evocations


You had 8 spell levels left.
You knew the following spells:

 Your Spells              Type           Power      Damage    Failure   Level
a - Wereblood             Tmut           15%        N/A       1%          2
c - Spider Form           Tmut/Pois      6%         N/A       4%          3
d - Conjure Flame         Conj/Fire      14%        6-21      2%          3
e - Inner Flame           Hex/Fire       13%        N/A       3%          3
f - Fireball              Conj/Fire      7%         3d5       26%         5

Your spell library contained the following spells:

 Spells                   Type           Power      Damage    Failure   Level
 Beastly Appendage        Tmut           30%        N/A       1%          1
 Foxfire                  Conj/Fire      56%        2x1d6     1%          1
 Starburst                Conj/Fire      7%         6d4       77%         6
 Ignition                 Fire           8%         3d5       100%        8


Dungeon Overview and Level Annotations

Branches:
Dungeon (10/15)            Temple (1/1) D:4           Sewer (visited)
   Lair: D:8-11         Orc: D:9-12

Altars:
Ashenzari
Cheibriados
Dithmenos
Fedhas
Gozag
Makhleb
Nemelex Xobeh
Okawaru
Qazlal
Trog
Uskayaw
Vehumet
Wu Jian
Zin

Shops:
D:1 *   D:2 [   D:9 =


Innate Abilities, Weirdness & Mutations

You cannot be hasted, slowed, berserked, paralysed or teleported.
You can dig through walls and to a lower floor.
You have a pair of large antennae on your head. (SInv)
Your four strong arms can wield two-handed weapons with a shield.


Message History

You start resting.
A boulder beetle comes into view.
As you read the scroll of identify, it crumbles to dust.
F - a scroll of silence
Casting: Conjure Flame (mildly dangerous; 2% risk of failure)
Confirm with . or Enter, or press ? or * to list all spells.
Okay, then.
Things that are here:
13 gold pieces; a sling bullet The boulder beetle curls into a ball and begins rolling!
You see here 2 sling bullets.
There is an open door here.
You see here a sling bullet.
You close the door, pushing everything out of the way.
You start resting.
A frost giant opens the door.
It is wielding a +0 battleaxe of freezing.
Casting: Conjure Flame (mildly dangerous; 2% risk of failure)
Confirm with . or Enter, or press ? or * to list all spells.
Okay, then.
Casting: Conjure Flame (mildly dangerous; 2% risk of failure)
Confirm with . or Enter, or press ? or * to list all spells.
Aiming: Fireball (dangerous; 26% risk of failure)
Press: ? - help, Shift-Dir - straight line, f - frost giant
Aim: a frost giant, wielding a +0 battleaxe of freezing (wandering, hasn't noticed you)
You miscast Fireball.
You are very lightly contaminated with residual magic.
Nothing appears to happen.
The frost giant points at you and mumbles some strange words.
The bolt of cold hits you!
Fire: 8 sling bullets
Press: ? - help, Q - select action, (/) - cycle Shift-Dir - straight line, f/p - frost giant
Aim: a frost giant, wielding a +0 battleaxe of freezing (89% to hit)
You shoot a sling bullet. The sling bullet hits the frost giant!
The sling bullet burns the frost giant.
The frost giant is lightly wounded.
The frost giant points at you and mumbles some strange words.
The bolt of cold hits you!!!
Ouch! That really hurt!
You die...
Your body crumbles into a pile of gold.

.........#(..P# #.#
≈.≈.≈.≈..#'#### #.#
.≈.≈.≈.≈.#°...#$$$$$$$$$
#.#
≈.≈.≈.≈..#.°..#$$$$$$$$$
{ #.#
.≈.≈.≈.≈.#..B.#$$$$$$$$$
#.##
≈.≈.≈.≈..#..$○#$$$$$$$$$
#...
.≈.≈.≈.≈.#.(.(######
#...
≈.≈.≈.≈..#..(BC....#
#...
.≈.≈.≈.≈.#...(#.@⌠.#
#...
≈.≈.≈.≈..#...(#.⌠..# {
#...
.≈.≈.≈.≈.#.(..#....#
#...
≈.≈.≈.≈..#########'#
#...
.≈.≈.≈.≈......#....#
#######)
≈.≈.≈.≈.≈####.#....#
#...###. .≈.≈.≈.≈.#
#.#....# #.......
))≈.≈.≈.≈# #.#>∩..#
#....≈≈≈ .≈.≈)[.≈.#
#.######## #..≈≈≈≈≈


You could see a frost giant and a boulder beetle.

Vanquished Creatures
  A boulder beetle (D:9)
  A death yak (D:9)
  A two-headed ogre (D:9)
  A cyclops (D:9)
  Joseph (D:8)
  Maggie (D:7)
  Psyche (D:8)
  A troll (D:9)
  Prince Ribbit (D:5)
  Sigmund (D:3)
  Eustachio (D:4)
  7 yaks (D:9)
  A wraith (D:10)
  2 vampire mosquitoes (D:7)
  A wyvern (D:8)
  A steam dragon (D:9)
  A water moccasin (D:7)
  2 hornet zombies
  An orc warrior (D:9)
  A necrophage (D:5)
  An ice beast (D:7)
  3 ogres
  A phantom (D:6)
  A centaur (D:10)
  A kobold brigand (D:9)
  Blork the orc (D:4)
  3 bullfrogs
  A wyvern zombie (D:9)
  3 gnoll sergeants
  5 scorpions
  A wyvern skeleton (D:7)
  2 water moccasin skeletons
  11 killer bees
  3 wights (D:7)
  2 electric eels (D:9)
  3 howler monkeys (D:7)
  4 centaur zombies
  3 jellies
  2 gnoll shamans (D:9)
  2 orc priests
  5 hounds
  4 centaur skeletons
  An iguana (D:5)
  Terence (D:3)
  3 orc wizards
  2 hell rats
  Robin (D:3)
  A howler monkey skeleton (D:4)
  15 gnolls
  7 adders
  A river rat (D:10)
  2 shadow imps
  3 white imps
  A howler monkey simulacrum (D:9)
  2 worms
  2 dart slugs (D:1)
  9 orcs
  12 ball pythons
  13 endoplasms
  6 giant cockroaches
  13 goblins
  17 hobgoblins
  25 kobolds
  4 quokkas
  5 bats
  6 frilled lizards
  15 rats
257 creatures vanquished.

Vanquished Creatures (others)
  A river rat (D:10)
  A plant (Sewer)
2 creatures vanquished.

Grand Total: 259 creatures vanquished

Notes
Turn   | Place    | Note
-------+----------+-------------------------------------------
     0 | D:1      | tkbsonic5 the Formicid Hunter began the quest for the Orb.
     0 | D:1      | Reached XP level 1. HP: 16/16 MP: 1/1
    33 | D:1      | Reached XP level 2. HP: 23/23 MP: 2/2
   180 | D:1      | Reached XP level 3. HP: 24/28 MP: 3/3
   306 | D:1      | Found Onlui's General Store.
   709 | D:2      | Reached XP level 4. HP: 31/34 MP: 4/4
   818 | D:2      | Reached skill level 5 in Slings
   980 | D:2      | Learned a level 2 spell: Wereblood
  1012 | D:2      | Found Latin's Armour Emporium.
  1021 | D:2      | Bought a +0 pair of gloves for 54 gold pieces
  1345 | D:2      | Found a faded altar of an unknown god.
  1482 | D:3      | Noticed Sigmund
  1491 | D:3      | Killed Sigmund
  1492 | D:3      | Reached skill level 1 in Polearms
  1492 | D:3      | Reached skill level 1 in Armour
  1492 | D:3      | Reached XP level 5. HP: 26/42 MP: 5/5
  1492 | D:3      | Reached XP level 6. HP: 29/48 MP: 6/6
  1849 | D:3      | Noticed Terence
  1853 | D:3      | Killed Terence
  1926 | D:3      | Noticed Robin
  1927 | D:3      | Killed Robin
  2006 | D:3      | Found a glowing drain.
  2050 | Sewer    | Entered a sewer
  2631 | D:4      | Noticed Eustachio
  2656 | D:4      | Noticed Blork the orc
  2690 | D:4      | Killed Eustachio
  2691 | D:4      | Reached skill level 1 in Transmutations
  2691 | D:4      | Reached XP level 7. HP: 55/55 MP: 7/7
  2899 | D:4      | Killed Blork the orc
  2900 | D:4      | Reached skill level 6 in Slings
  2900 | D:4      | Reached skill level 1 in Spellcasting
  3111 | D:4      | Found a staircase to the Ecumenical Temple.
  3120 | Temple   | Entered the Ecumenical Temple
  3154 | Temple   | Became a worshipper of Gozag Ym Sagoz the Greedy
  3497 | D:5      | Entered Level 5 of the Dungeon
  3521 | D:5      | Reached XP level 8. HP: 61/61 MP: 9/9
  3523 | D:5      | Learned a level 1 spell: Beastly Appendage
  3538 | D:5      | Reached skill level 5 in Fighting
  3806 | D:5      | Noticed Prince Ribbit
  3817 | D:5      | Killed Prince Ribbit
  4083 | D:5      | You fall into a shaft and drop 1 floor!
  4157 | D:6      | Reached XP level 9. HP: 69/69 MP: 12/12
  4164 | D:6      | Reached skill level 5 in Stealth
  4340 | D:6      | Reached skill level 7 in Slings
  4520 | D:6      | Learned a level 3 spell: Spider Form
  5246 | D:7      | Learned a level 5 spell: Fireball
  5257 | D:7      | Reached skill level 1 in Poison Magic
  5266 | D:7      | Reached skill level 1 in Ice Magic
  5503 | D:7      | Reached skill level 1 in Evocations
  5512 | D:7      | Reached skill level 1 in Fire Magic
  5610 | D:7      | Reached skill level 5 in Polearms
  5610 | D:7      | Reached skill level 1 in Unarmed Combat
  5739 | D:7      | Learned a level 3 spell: Conjure Flame
  5743 | D:7      | Learned a level 3 spell: Inner Flame
  5780 | D:7      | Reached XP level 10. HP: 77/77 MP: 14/14
  5919 | D:8      | Reached skill level 1 in Conjurations
  5921 | D:8      | Noticed Maggie
  6101 | D:8      | Noticed Psyche
  6108 | D:8      | Killed Psyche
  6109 | D:8      | Reached skill level 1 in Hexes
  6136 | D:7      | Reached skill level 5 in Transmutations
  6352 | D:7      | Killed Maggie
  6359 | D:7      | Reached skill level 9 in Slings
  6359 | D:7      | Reached skill level 5 in Fire Magic
  6359 | D:7      | Reached XP level 11. HP: 22/83 MP: 20/20
  7244 | D:7      | Learned a level 5 spell: Fireball
  7448 | D:8      | Reached skill level 10 in Slings
  7520 | D:8      | Noticed Joseph
  7539 | D:8      | Killed Joseph
  7909 | D:8      | Found a bloodstained altar of Trog.
  8640 | D:9      | Noticed a two-headed ogre
  8648 | D:9      | Killed a two-headed ogre
  8649 | D:9      | Reached skill level 1 in Axes
  8872 | D:10     | Entered Level 10 of the Dungeon
  9181 | D:10     | Noticed a death yak
  9247 | D:9      | Killed a death yak
  9248 | D:9      | Reached XP level 12. HP: 67/91 MP: 21/21
  9610 | D:10     | Noticed a two-headed ogre
  9978 | D:9      | Noticed a boulder beetle
 10021 | D:9      | Killed a boulder beetle
 10050 | D:9      | Noticed a boulder beetle
 10100 | D:9      | Noticed a frost giant
 10102 | D:9      | Killed from afar by a frost giant

Illustrated notes

Levels and vault maps discovered:
D:1:      psy_arrival_heroes, layout_rooms, serial_shops, shop,
          kennysheep_small_spiral, minmay_fountain_box
D:2:      layout_basic, serial_shops, nicolae_shop_statue_plus,
          hellmonk_ecumenical_altar_pennies_from_heaven, serial_bayou_pond_d,
          dk_vineyard_3
D:3:      layout_basic, portal_sewer_entry_a, kennysheep_generic_room_13,
          uniq_robin, uniq_terence, uniq_sigmund
D:4:      layout_cave_pools, lemuel_temple_firewalk_b, uniq_blork_the_orc,
          uniq_eustachio
D:5:      layout_gridville, uniq_grinder, uniq_prince_ribbit1
D:6:      layout_basic
D:7:      layout_loops_cross
D:8:      layout_cave_pools, mainiacjoe_overflow_six_doors_small,
          grunt_decor_cap, uniq_psyche, uniq_maggie, uniq_joseph
D:9:      minmay_klotski, layout_basic
D:10:     layout_loops_cross, dpeg_lair_monsters, lemuel_old_faithful
Temple:   nicolae_temple_the_god_donut

Skill      XL: |  1  2  3  4  5  6  7  8  9 10 11 |
---------------+----------------------------------+-----
Stealth        | 2 3 4 5 6 |  6.5
Fighting       | 3 4 5 6 7 |  7.7
Slings         | 5 6 7 9 10 | 10.3
Polearms       | 1 2 3 4 5 |  5.3
Armour         | 1 2 3 4 |  4.5
Transmutations | 1 2 3 4 5 |  5.9
Spellcasting   | 1 2 6 |  6.5
Poison Magic   | 1 2 3 |  3.5
Ice Magic      | 1 2 |  2.5
Evocations     | 1 |  1.9
Fire Magic     | 1 5 6 |  6.4
Unarmed Combat | 1 |  1.0
Conjurations   | 3 4 |  4.6
Hexes          | 1 3 |  3.9
Dodging        | 2 |  2.1
Axes           | 1 |  1.6
Short Blades   | |  0.9
Bows           | |  0.1

Action                   |  1- 3 |  4- 6 |  7- 9 | 10-12 || total
-------------------------+-------+-------+-------+-------++-------
Melee: Trident           |       |   103 |    69 |    45 ||   217
       Broad axe         |       |       |       |    15 ||    15
       Unarmed           |       |       |       |     1 ||     1
 Fire: Hunting sling     |    80 |    90 |   157 |   239 ||   566
Throw: Throwing net      |       |       |     1 |     2 ||     3
 Cast: Wereblood         |       |       |     4 |     9 ||    13
       Conjure Flame     |       |       |       |    16 ||    16
       Inner Flame       |       |       |       |     8 ||     8
       Spider Form       |       |       |       |     4 ||     4
       Fireball          |       |       |       |     3 ||     3
       Beastly Appendage |       |       |       |     1 ||     1
Invok: Potion Petition   |       |       |       |     2 ||     2
       Call Merchant     |       |       |       |     1 ||     1
 Abil: End Transformatio |       |       |       |     3 ||     3
Evoke: Wand              |       |       |       |     2 ||     2
  Use: Scroll            |     2 |     8 |     9 |     9 ||    28
       Potion            |       |     6 |     1 |    16 ||    23
 Stab: Sleeping          |       |     7 |     1 |       ||     8
Armor: Leather armour    |     7 |    32 |    23 |    39 ||   101
       Skin              |       |       |       |     3 ||     3
Dodge: Dodged            |    15 |    56 |    60 |   114 ||   245
